 Dungeon Crawl Stone Soup version 0.19.1-1-g22dce08 (webtiles) character file.

21 bombpersons the Conjurer (level 2, -2/23 HPs)
             Began as a Demigod Wanderer on Dec 31, 2016.
             Slain by a gnoll
             ... wielding a +0 flail
              (11 damage)
             ... on level 1 of the Dungeon.
             The game lasted 00:02:57 (810 turns).

bombpersons the Conjurer (Demigod Wanderer)          Turns: 810, Time: 00:02:58

Health: -2/23      AC:  2    Str: 17    XL:     2   Next: 48%
Magic:  7/7        EV: 11    Int: 13    God:
Gold:   28         SH:  0    Dex: 16    Spells: 2 memorised, 2 levels left

rFire  . . .     SeeInvis .     c - +0 spear
rCold  . . .     Gourm    .     d - +0 robe
rNeg   . . .     Faith    .     (no shield)
rPois  .         Spirit   .     (no helmet)
rElec  .         Reflect  .     (no cloak)
rCorr  .         Harm     .     (no gloves)
MR     .....     Rnd*Tele +     (no boots)
Stlth  ++........               (no amulet)
                                (no ring)
                                g - ring of teleportation (curse)

@: no status effects
A: high mp 1
a: no special abilities


You were on level 1 of the Dungeon.
You were not hungry.

You visited 1 branch of the dungeon, and saw 1 of its levels.

You collected 28 gold pieces.

Inventory:

Hand Weapons
 c - a +0 spear (weapon)
Armour
 d - a +0 robe (worn)
Jewellery
 g - a cursed ring of teleportation (left hand)
Potions
 e - a potion of curing {unknown}
 h - a potion of might {unknown}
Books
 a - a book of Minor Magic

   Spells                             Type                      Level
   a - Magic Dart                     Conjuration                  1
   b - Blink                          Translocation                2
   c - Call Imp                       Summoning                    2
   d - Repel Missiles                 Charms/Air                   2
   e - Slow                           Hexes                        2
   f - Conjure Flame                  Conjuration/Fire             3
   g - Mephitic Cloud                 Conjuration/Poison/Air       3
 b - the Tome of the Arsonist

   Spells                             Type                      Level
   a - Flame Tongue                   Conjuration/Fire             1
   b - Inner Flame                    Hexes/Fire                   3
Comestibles
 f - a bread ration


   Skills:
 - Level 1.0 Fighting
 - Level 1.0 Throwing
 - Level 1.7 Armour
 - Level 1.0 Stealth
 + Level 1.9 Spellcasting
 - Level 3.6 Conjurations
 - Level 1.0 Fire Magic


You had 2 spell levels left.
You knew the following spells:

 Your Spells              Type           Power        Failure   Level  Hunger
a - Magic Dart            Conj           ##..         8%          1    ##.....
b - Flame Tongue          Conj/Fire      #....        12%         1    ##.....


Dungeon Overview and Level Annotations

Branches:
Dungeon (1/15)


Innate Abilities, Weirdness & Mutations

You have an increased reservoir of magic. (+10% MP)


Message History

You kill the dart slug!
You open the door.
A goblin comes into view.
The goblin shouts!
There is an open door here.
Found a stone staircase leading down.
The goblin hits you.
You hit the goblin.
You kill the goblin!
There is a stone staircase leading down here.
A gnoll comes into view. It is wielding a flail.
A bat comes into view.
The gnoll shouts!
You completely miss the gnoll. The bat hits you but does no damage.
The bat hits you. The gnoll hits you with a flail!
Ouch! That really hurt!
You hit the gnoll.
The gnoll is lightly wounded.
The bat closely misses you. x3; The gnoll hits you with a flail!
You die...

.#.#.#.##....#.....#.# #..####..
##.###.##..........#.####........
##.....##....#..##.#.......######
............................#
#########.#..........######..#
...# #....##.#####.# #.# # ...#
#.#####.# #... ... . ...#
#.#####.######### .#### ####
#....##.#@g...... #
#....##.#b#######
#....##..........
#....8#...##b.... #....<#.###
.... #....8#.# ... #....##.# ..
##....##.# . #.....##.#


You could see a gnoll and a bat.

Vanquished Creatures
  2 dart slugs (D:1)
  2 bats (D:1)
  3 goblins (D:1)
  2 hobgoblins (D:1)
  3 jackals (D:1)
  2 kobolds (D:1)
14 creatures vanquished.

Notes
Turn   | Place    | Note
-------+----------+-------------------------------------------
     0 | D:1      | bombpersons the Demigod Wanderer began the quest for the Orb.
     0 | D:1      | bombpersons set off with: a book of Minor Magic, the Tome of the Arsonist, a +0 spear, a +0 robe, a bread ration
     0 | D:1      | Reached XP level 1. HP: 16/16 MP: 3/3
     0 | D:1      | Identified the Tome of the Arsonist
    36 | D:1      | Reached skill level 1 in Spellcasting
   350 | D:1      | Reached XP level 2. HP: 15/23 MP: 6/6
   356 | D:1      | Learned a level 1 spell: Magic Dart
   358 | D:1      | Learned a level 1 spell: Flame Tongue
   810 | D:1      | Slain by a gnoll

Skill      XL: |  1 |
---------------+----+-----
Spellcasting   | 1 |  1.9
Fighting       | |  1.0
Throwing       | |  1.0
Armour         | |  1.7
Stealth        | |  1.0
Conjurations   | |  3.6
Fire Magic     | |  1.0

Action                   || total
-------------------------++-------
Melee: Spear             ||    43
 Cast: Flame Tongue      ||     1
  Use: Scroll            ||     1
Armor: Robe              ||    10
Dodge: Dodged            ||    46
